 Dungeon Crawl Stone Soup version 0.21.1-1-g345015fe64 (webtiles) character file.

175 Oravi the Shield-Bearer (level 5, -5/36 HPs)
             Began as a Halfling Fighter on Mar 24, 2018.
             Killed by nerve-wracking pain
             ... invoked by an orc priest
              (14 damage)
             ... on level 3 of the Dungeon.
             The game lasted 00:16:05 (2426 turns).

Oravi the Shield-Bearer (Halfling Fighter)          Turns: 2426, Time: 00:16:05

Health: -5/36      AC:  7    Str: 17    XL:     5   Next: 85%
Magic:  5/5        EV:  9    Int:  6    God:
Gold:   77         SH: 10    Dex: 15    Spells: 4/4 levels left

rFire    . . .     SeeInvis .   a - +0 rapier
rCold    . . .     Gourm    .   c - +0 shield
rNeg     . . .     Faith    .   n - +0 scale mail
rPois    .         Spirit   .   (no helmet)
rElec    .         Reflect  .   (no cloak)
rCorr    .         Harm     .   (no gloves)
MR       .....                  (no boots)
Stlth    ..........             m - amulet of regeneration
HPRegen  0.52/turn              (no ring)
MPRegen  0.09/turn              (no ring)

@: no status effects
A: small, mutation resistance 1
a: no special abilities


You were on level 3 of the Dungeon.
You were not hungry.

You visited 1 branch of the dungeon, and saw 3 of its levels.

You collected 77 gold pieces.

Inventory:

Hand Weapons
 a - a +0 rapier (weapon)
 b - a +0 hunting sling
Missiles
 p - 60 stones (quivered)
Armour
 c - a +0 shield (worn)
 h - a +0 plate armour
 n - a +0 scale mail (worn)
Jewellery
 m - an amulet of regeneration (around neck)
 t - an uncursed amulet of the gourmand {unknown}
 w - an uncursed amulet of the gourmand {unknown}
 B - an uncursed ring of protection from cold {unknown}
Scrolls
 e - a scroll of magic mapping {unknown}
 g - 5 scrolls of identify {unknown}
 k - a scroll of amnesia {unknown}
 q - a scroll of fear {unknown}
 r - a scroll of remove curse {unknown}
 v - a scroll of enchant armour {unknown}
 y - a scroll of enchant weapon {unknown}
 A - a scroll of immolation {unknown}
Potions
 d - a potion of might
 i - 2 potions of flight {unknown}
 l - a potion of lignification {unknown}
 o - a potion of cancellation {unknown}
 u - a potion of agility {unknown}
 x - a potion of curing {unknown}
 z - 2 potions of heal wounds {unknown}
Comestibles
 f - 6 rations
 j - 6 chunks of flesh


   Skills:
 + Level 3.4 Fighting
 + Level 4.1 Short Blades
 + Level 2.8 Slings
 + Level 3.7 Armour
 + Level 0.2 Dodging
 + Level 4.1 Shields


You had 4 spell levels left.
You didn't know any spells.

Dungeon Overview and Level Annotations

Branches:
Dungeon (3/15)

Altars:


Innate Abilities, Weirdness & Mutations

You are small and have problems with some larger weapons.
You are somewhat resistant to further mutation.


Message History

Beogh smites you!
You hit the orc but do no damage. You block the orc's attack.
You hit the orc but do no damage.
The orc is heavily wounded.
You block the orc's attack. x2; The orc hits you with a whip.
You hit the orc.
You kill the orc!
You barely miss the orc priest. You block the orc priest's attack.
You hit the orc priest.
The orc priest is moderately wounded.
The orc priest hits you with a flail.
You hit the orc priest.
The orc priest is heavily wounded.
The orc priest mumbles some strange prayers to Beogh against you.
Pain shoots through your body!
* * * LOW HITPOINT WARNING * * *
You are too injured to fight recklessly!
The orc priest calls down the wrath of Beogh upon you.
Pain shoots through your body!
You die...

.##.#.#.# #(# # #.#.#.#
#(# #.#.#.# #)# #.#.#.#
#(#
###.#.#.########.#######
...>............o.......
###.#.#.########o#
#.#.#.# #.#
###.#.########@#
#............#
###.########## ###


You could see an orc priest and an orc.

Vanquished Creatures
  An orc wizard (D:3)
  5 adders (D:2)
  4 dart slugs
  4 leopard geckos
  6 orcs
  3 ball pythons
  4 bats (D:1)
  5 giant cockroaches
  12 goblins
  7 hobgoblins
  3 jackals (D:1)
  A quokka (D:2)
  8 frilled lizards
  11 kobolds
  11 rats
85 creatures vanquished.

Notes
Turn   | Place    | Note
-------+----------+-------------------------------------------
     0 | D:1      | Oravi the Halfling Fighter began the quest for the Orb.
     0 | D:1      | Reached XP level 1. HP: 15/15 MP: 1/1
    51 | D:1      | Reached XP level 2. HP: 13/20 MP: 2/2
   471 | D:1      | Reached XP level 3. HP: 24/25 MP: 3/3
  1185 | D:2      | Found a faded altar of an unknown god.
  1253 | D:2      | Reached XP level 4. HP: 29/31 MP: 4/4
  1443 | D:2      | Reached skill level 1 in Slings
  1788 | D:2      | Reached XP level 5. HP: 36/36 MP: 5/5
  2426 | D:3      | Killed from afar by an orc priest

Skill      XL: |  1  2  3  4  5 |
---------------+----------------+-----
Short Blades   | 3 4 |  4.1
Fighting       | 3 |  3.4
Slings         | 1 2 |  2.8
Shields        | 4 |  4.1
Armour         | |  3.7
Dodging        | |  0.2

Action                   |  1- 3 |  4- 6 || total
-------------------------+-------+-------++-------
Melee: Rapier            |   120 |   101 ||   221
 Fire: Hunting sling     |    12 |    89 ||   101
  Eat: Chunk             |     1 |     4 ||     5
Armor: Scale mail        |    33 |    30 ||    63
Dodge: Dodged            |    29 |    37 ||    66
Block: Shield            |    54 |    53 ||   107
